[Event "November 21 Early 2023"]
[Site "https://www.chess.com"]
[Date "2023.11.21"]
[Round "9"]
[White "Mohammad Fahad, Rahman"]
[Black "Herman, Matthew"]
[Result "1-0"]
[Board "51"]
[TimeControl "180+1"]
[WhiteFideId "10207791"]
[BlackFideId "2028964"]
[WhiteElo "2339"]
[BlackElo "2368"]
[WhiteTeam "BAN"]
[BlackTeam "USA"]
[WhiteClock "0:00:35"]
[BlackClock "0:00:00"]

1. f4 d5 2. b3 c5 3. Bb2 Nc6 4. Nf3 Nf6 5. e3 a6 6. Be2 d4 7. O-O g6 8. exd4 cxd4 9. Na3 Bg7 10. Nc4 Nd5 11. Nfe5 Nxe5 12. fxe5 Nb4 13. c3 Nc6 14. cxd4 Nxd4 15. Bg4 O-O 16. Bxc8 Rxc8 17. Qg4 Ne6 18. d4 Bh6 19. Qe4 b5 20. Ne3 Bxe3+ 21. Qxe3 Qd5 22. Rf2 b4 23. h4 h5 24. Raf1 Kg7 25. Kh2 a5 26. Rd1 Rc7 27. Bc1 Kg8 28. Qh6 Nxd4 29. Qe3 Rd7 30. Rfd2 Qc5 31. Rxd4 Rxd4 32. Qxd4 1-0

[Event "November 21 Early 2023"]
[Site "https://www.chess.com"]
[Date "2023.11.21"]
[Round "9"]
[White "Matinian, Nikita"]
[Black "Graca, Robert"]
[Result "1-0"]
[Board "52"]
[TimeControl "180+1"]
[WhiteFideId "24129100"]
[BlackFideId "644943"]
[WhiteElo "2417"]
[BlackElo "2204"]
[WhiteTeam "FID"]
[BlackTeam "FRA"]
[WhiteClock "0:00:29"]
[BlackClock "0:00:03"]

1. e4 c5 2. Nc3 Nc6 3. Bb5 Na5 4. Bf1 e6 5. Nf3 a6 6. d4 cxd4 7. Nxd4 Qc7 8. Bd3 d6 9. Qe2 Be7 10. Bd2 Nf6 11. f4 b5 12. e5 dxe5 13. fxe5 Nd7 14. Nxe6 fxe6 15. Qh5+ Kd8 16. O-O-O Qxe5 17. Qh3 Bg5 18. Bxg5+ Qxg5+ 19. Kb1 Qh6 20. Qg3 Bb7 21. Be4 Bxe4 22. Nxe4 Nb7 23. Rhf1 Qg6 24. Qxg6 hxg6 25. Rf7 Ke8 26. Rdxd7 Rxh2 27. b3 Na5 28. Nd6# 1-0

[Event "November 21 Early 2023"]
[Site "https://www.chess.com"]
[Date "2023.11.21"]
[Round "9"]
[White "Panda Sambit"]
[Black "Pourramezanali, Amirreza"]
[Result "0-1"]
[Board "53"]
[TimeControl "180+1"]
[WhiteFideId "25091794"]
[BlackFideId "12511412"]
[WhiteElo "2216"]
[BlackElo "2302"]
[WhiteTeam "IND"]
[BlackTeam "IRI"]
[WhiteClock "0:00:06"]
[BlackClock "0:00:27"]

1. d4 d5 2. Nf3 Nf6 3. Bf4 Bf5 4. e3 e6 5. c4 Nc6 6. Nc3 Nb4 7. Rc1 c6 8. a3 Na6 9. cxd5 exd5 10. Bxa6 bxa6 11. Ne5 Rc8 12. Qa4 Qb6 13. Bg5 Bd6 14. Bxf6 gxf6 15. Nxd5 Qxb2 16. Rxc6 O-O 17. Nxf6+ Kh8 18. O-O Bxe5 19. dxe5 Qxe5 20. Rxc8 Rxc8 21. Qh4 Rc6 22. Nd7 Bxd7 23. Rd1 Rd6 24. Qd8+ Kg7 25. Rxd6 Qxd6 26. Qg5+ Qg6 27. Qe5+ Kf8 28. Qc5+ Ke8 29. Qe5+ Qe6 30. Qb8+ Ke7 31. Qxa7 Qd5 32. h3 Qd1+ 33. Kh2 Qd6+ 34. Kg1 Kf8 35. Qa8+ Kg7 36. Qe4 Bc6 37. Qg4+ Kf6 38. Qh4+ Kg7 39. Qg5+ Kf8 40. Qh4 h6 41. Qb4 Ke7 42. Qh4+ Kf8 43. Qg4 Qd5 44. Qc8+ Kg7 45. Qg4+ Kh7 46. Qg3 a5 47. Kh2 a4 48. f3 Bd7 49. Qf4 Qe6 50. e4 Kg7 51. Qg3+ Kf8 52. Qb8+ Ke7 53. Qb4+ Qd6+ 54. Qxd6+ Kxd6 55. Kg3 Ke5 56. Kf2 Kd4 57. Kg3 Kc3 58. Kh4 Kb3 59. Kh5 Kxa3 60. Kxh6 Kb3 61. Kg5 a3 62. Kf6 a2 63. Kxf7 a1=Q 64. Ke7 Qg7+ 0-1

[Event "November 21 Early 2023"]
[Site "https://www.chess.com"]
[Date "2023.11.21"]
[Round "9"]
[White "Timerkhanov, Alexander"]
[Black "Mazurkiewicz, Michal"]
[Result "0-1"]
[Board "54"]
[TimeControl "180+1"]
[WhiteFideId "24177938"]
[BlackFideId "1124943"]
[WhiteElo "2278"]
[BlackElo "2124"]
[WhiteTeam "RUS"]
[BlackTeam "POL"]
[WhiteClock "0:00:49"]
[BlackClock "0:00:07"]

1. d4 Nf6 2. Bg5 e6 3. Nd2 d5 4. e3 Be7 5. Bd3 b6 6. Ngf3 c5 7. c3 O-O 8. Ne5 Bb7 9. Bxf6 Bxf6 10. f4 Bxe5 11. fxe5 Qg5 12. Qe2 a5 13. O-O Ba6 14. Rf3 Bxd3 15. Qxd3 c4 16. Qe2 Nc6 17. Rg3 Qh6 18. e4 b5 19. exd5 exd5 20. Nf1 f6 21. e6 Rae8 22. Re1 Ne7 23. Qf3 f5 24. Re5 Qc1 25. h4 Qxb2 26. Qh5 g6 27. Qh6 Rf6 28. h5 b4 29. hxg6 Rxg6 30. Rxg6+ hxg6 31. cxb4 Qxd4+ 32. Re3 f4 33. Qh4 Nf5 34. Qg4 fxe3 35. Qxg6+ Ng7 36. Qf7+ Kh7 37. Kh2 e2 0-1

[Event "November 21 Early 2023"]
[Site "https://www.chess.com"]
[Date "2023.11.21"]
[Round "9"]
[White "Sadykov, Ramil"]
[Black "Ishbaev, Alibek"]
[Result "1-0"]
[Board "55"]
[TimeControl "180+1"]
[WhiteFideId "24113590"]
[BlackFideId "14205017"]
[WhiteElo "2245"]
[BlackElo "2431"]
[WhiteTeam "FID"]
[BlackTeam "UZB"]
[WhiteClock "0:00:15"]
[BlackClock "0:00:16"]

1. e4 e5 2. Nf3 Nc6 3. Nc3 Be7 4. d4 exd4 5. Nxd4 Nf6 6. Nxc6 bxc6 7. e5 Nd5 8. Nxd5 cxd5 9. Qxd5 Rb8 10. Bc4 O-O 11. O-O Bb7 12. Qd3 d5 13. Ba6 Ba8 14. Qg3 Rb6 15. Bd3 c5 16. c3 d4 17. Qh3 g6 18. c4 Re6 19. f4 Re8 20. f5 Rxe5 21. Bf4 Re3 22. Bxe3 dxe3 23. fxg6 hxg6 24. Rad1 Qc8 25. Qxe3 Bf6 26. Qf4 Bd4+ 27. Kh1 Qb7 28. Rf3 Kg7 29. Rdf1 Re7 30. Bxg6 fxg6 31. Qf8+ Kh7 32. Rh3# 1-0

[Event "November 21 Early 2023"]
[Site "https://www.chess.com"]
[Date "2023.11.21"]
[Round "9"]
[White "secrethawk1"]
[Black "Ahmad, Khagan"]
[Result "0-1"]
[Board "56"]
[TimeControl "180+1"]
[BlackFideId "13431552"]
[WhiteElo "2419"]
[BlackElo "2160"]
[BlackTeam "AZE"]
[WhiteClock "0:00:05"]
[BlackClock "0:00:24"]

1. d4 d5 2. Bf4 Nf6 3. e3 c5 4. c3 Nc6 5. Nd2 Bf5 6. Ngf3 e6 7. Be2 Bd6 8. Bg3 Qc7 9. dxc5 Bxg3 10. hxg3 O-O 11. Nd4 a5 12. Nxf5 exf5 13. Nf3 g6 14. Qc2 Rfe8 15. O-O Ng4 16. Rfd1 Rad8 17. Rac1 Nce5 18. b4 Nxf2 19. Nxe5 Nxd1 20. Rxd1 Qxe5 21. Bf3 Qxe3+ 22. Kh2 f4 23. g4 d4 24. cxd4 Rxd4 25. Rxd4 Qxd4 26. Bxb7 Re1 27. c6 Qg1+ 28. Kh3 Qh1# 0-1

[Event "November 21 Early 2023"]
[Site "https://www.chess.com"]
[Date "2023.11.21"]
[Round "9"]
[White "Bobomurodova, Maftuna"]
[Black "Arhan_Anand"]
[Result "0-1"]
[Board "57"]
[TimeControl "180+1"]
[WhiteFideId "14207400"]
[WhiteElo "1814"]
[BlackElo "2656"]
[WhiteTeam "UZB"]
[WhiteClock "0:00:11"]
[BlackClock "0:00:13"]

1. e4 c5 2. Nf3 d6 3. Bb5+ Nd7 4. O-O a6 5. Bd3 Ngf6 6. c3 e6 7. Bc2 c4 8. d4 cxd3 9. Bxd3 b5 10. Nbd2 Bb7 11. Re1 Be7 12. Bc2 O-O 13. Nf1 Nc5 14. Ng3 Rc8 15. Bf4 Qb6 16. Qd2 Rfd8 17. Rad1 Qc7 18. Qc1 Ng4 19. h3 Ne5 20. Nxe5 dxe5 21. Be3 Bh4 22. Bg5 Rxd1 23. Rxd1 Bxg3 24. fxg3 Bxe4 25. Be3 Bd5 26. b3 Nd7 27. Bd2 Qc5+ 28. Kh2 Qf2 29. Rg1 Nf6 30. Qe1 Qc5 31. Qxe5 Qa3 32. Bb1 Qb2 33. Bg5 Qxc3 34. Bxf6 gxf6 35. Qh5 f5 36. Qg5+ Kh8 37. Qe7 Rg8 38. g4 Qe5+ 39. Kh1 fxg4 40. Qxf7 Qg7 41. Qxg7+ Rxg7 42. Kh2 g3+ 43. Kh1 Rf7 44. Bd3 Rf2 45. a4 bxa4 46. bxa4 a5 47. Bb5 e5 48. Rc1 Bxg2+ 49. Kg1 Bf3 50. Rc8+ Kg7 51. Bc4 Kh6 52. Rg8 Rg2+ 53. Kf1 e4 54. Bd5 Rd2 55. Rxg3 Rxd5 56. Kf2 Rd4 57. Ke3 Rxa4 58. Rg1 Ra2 59. Rc1 Re2+ 60. Kf4 Rf2 61. Rc5 Bh1+ 62. Ke3 Rf3+ 63. Ke2 Rxh3 64. Rxa5 Bf3+ 65. Kf2 Bh5 66. Ra6+ Bg6 67. Re6 e3+ 68. Ke2 Kg5 69. Re5+ Kf4 70. Re7 Bh5+ 71. Kf1 Rh1+ 72. Kg2 Bf3# 0-1

[Event "November 21 Early 2023"]
[Site "https://www.chess.com"]
[Date "2023.11.21"]
[Round "9"]
[White "Galchenko, Matvey"]
[Black "Demin, Vladimir"]
[Result "1-0"]
[Board "58"]
[TimeControl "180+1"]
[WhiteFideId "24175480"]
[BlackFideId "4167457"]
[WhiteElo "2406"]
[BlackElo "2586"]
[WhiteTeam "FID"]
[BlackTeam "RUS"]
[WhiteClock "0:00:36"]
[BlackClock "0:00:09"]

1. f4 d5 2. Nf3 Nf6 3. g3 e6 4. Bg2 Be7 5. O-O O-O 6. d3 b5 7. a4 b4 8. a5 a6 9. c3 bxc3 10. bxc3 c5 11. Ne5 Bb7 12. Qb3 Qc7 13. Nd2 Nc6 14. Nxc6 Bxc6 15. Nf3 Rab8 16. Qc2 c4 17. Ne5 cxd3 18. exd3 Bb5 19. Re1 Bc5+ 20. Kh1 Nd7 21. Nf3 Rfc8 22. Bd2 h6 23. f5 e5 24. Qa2 Bc6 25. d4 exd4 26. Nxd4 Ba8 27. Bxd5 Nf6 28. Bxa8 Rxa8 29. Bf4 Qb7+ 30. Qg2 Qd7 31. Nb3 Ba7 32. Be5 Qxf5 33. Nd4 Qg6 34. Nc6 Bc5 35. Bd4 Bf8 36. Ne5 Qh5 37. Nc4 Re8 38. Bxf6 gxf6 39. Rf1 Bc5 40. g4 Qg6 41. Rf5 Bf8 42. Nb6 Rad8 43. Nd5 Bg7 44. Raf1 Kh7 45. Nf4 Qxf5 46. gxf5 1-0

[Event "November 21 Early 2023"]
[Site "https://www.chess.com"]
[Date "2023.11.21"]
[Round "9"]
[White "Santos Flores, Alberto"]
[Black "Ibarra Jerez, Jose Carlos"]
[Result "0-1"]
[Board "59"]
[TimeControl "180+1"]
[WhiteFideId "3601234"]
[BlackFideId "2226332"]
[WhiteElo "2235"]
[BlackElo "2634"]
[WhiteTeam "ECU"]
[BlackTeam "ESP"]
[WhiteClock "0:00:05"]
[BlackClock "0:02:24"]

1. e4 c5 2. Nf3 e6 3. g3 Nc6 4. Bg2 Nf6 5. Qe2 e5 6. O-O Be7 7. c3 O-O 8. Rd1 d5 9. exd5 Qxd5 10. d3 Bf5 11. Nh4 Bg4 12. Qxg4 Qxg2+ 13. Kxg2 Nxg4 14. Nf5 Rad8 15. h3 Nf6 16. Bg5 Rfe8 17. Nxe7+ Rxe7 18. Bxf6 gxf6 19. Kf1 Red7 20. Na3 e4 21. f4 Rxd3 22. Ke2 Rxg3 23. Rg1 Rd3 24. Rad1 Rxg1 25. Rxg1+ Kf8 26. Rh1 Ne7 27. Nc4 Nd5 28. f5 b5 29. Nd2 Nf4+ 30. Ke1 e3 31. Nf3 e2 32. Rh2 Rxf3 0-1

[Event "November 21 Early 2023"]
[Site "https://www.chess.com"]
[Date "2023.11.21"]
[Round "9"]
[White "AlmasRakhmatullaev"]
[Black "Pham, Le Thao Nguyen"]
[Result "0-1"]
[Board "60"]
[TimeControl "180+1"]
[BlackFideId "12401226"]
[WhiteElo "2836"]
[BlackElo "2261"]
[BlackTeam "VIE"]
[WhiteClock "0:00:00"]
[BlackClock "0:00:17"]

1. e4 c6 2. d4 d5 3. exd5 cxd5 4. c4 Nf6 5. Nc3 e6 6. c5 Be7 7. Nf3 O-O 8. Be2 b6 9. b4 a5 10. Na4 Nbd7 11. c6 Bxb4+ 12. Bd2 Nb8 13. Rc1 Ne8 14. Bxb4 axb4 15. Qb3 Na6 16. O-O Nd6 17. Rfe1 b5 18. Nc5 Nc4 19. Nxa6 Bxa6 20. Qxb4 Qc7 21. Ne5 Rfc8 22. Bh5 g6 23. Bf3 Rd8 24. h4 Rd6 25. Ng4 Rxc6 26. h5 Qd8 27. h6 Rac8 28. Rc3 Qg5 29. g3 f5 30. Nh2 Qxh6 31. a4 Qf8 32. Qb3 Nd2 33. Rxc6 Nxb3 34. Rxa6 Nxd4 35. Bg2 b4 36. Rb6 Rb8 0-1

[Event "November 21 Early 2023"]
[Site "https://www.chess.com"]
[Date "2023.11.21"]
[Round "9"]
[White "Boruchovsky, Avital"]
[Black "NelsonLinda"]
[Result "0-1"]
[Board "61"]
[TimeControl "180+1"]
[WhiteFideId "2800055"]
[WhiteElo "2450"]
[BlackElo "2568"]
[WhiteTeam "ISR"]
[WhiteClock "0:00:00"]
[BlackClock "0:00:11"]

1. e4 c5 2. Nf3 e6 3. c3 Nf6 4. e5 Nd5 5. d4 cxd4 6. cxd4 d6 7. Bc4 Be7 8. exd6 Qxd6 9. O-O O-O 10. Nc3 Nxc3 11. bxc3 b6 12. Re1 Bb7 13. Bd3 Nd7 14. Bc2 Rac8 15. Qd3 g6 16. Bh6 Rfd8 17. Rad1 Qc6 18. d5 Qxc3 19. dxe6 Qxd3 20. exf7+ Kxf7 21. Bxd3 Bf6 22. Ng5+ Kg8 23. Ne6 Re8 24. Bb5 Bc6 25. Ba6 Ra8 26. h3 Nc5 27. Nxc5 bxc5 28. Bc4+ Kh8 29. Rxe8+ Rxe8 30. Be3 Be7 31. Bf4 Bf8 32. Bf7 Re4 33. Bg3 Kg7 34. Bd5 Bxd5 35. Rxd5 Re1+ 36. Kh2 Re2 37. Rd7+ Re7 38. Rd8 Re2 39. a4 a6 40. Ra8 Re6 41. Rc8 Kf7 42. Rc7+ Kg8 43. Bf4 Re4 0-1

[Event "November 21 Early 2023"]
[Site "https://www.chess.com"]
[Date "2023.11.21"]
[Round "9"]
[White "Redzisz, Michal"]
[Black "Vasquez Schroeder, Rodrigo"]
[Result "0-1"]
[Board "62"]
[TimeControl "180+1"]
[WhiteFideId "21816107"]
[BlackFideId "3400042"]
[WhiteElo "2068"]
[BlackElo "2582"]
[WhiteTeam "POL"]
[BlackTeam "CHI"]
[WhiteClock "0:00:00"]
[BlackClock "0:00:40"]

1. Nf3 c5 2. c4 Nf6 3. Nc3 e6 4. g3 b6 5. Bg2 Bb7 6. O-O a6 7. b3 d6 8. Bb2 Be7 9. e3 Qc7 10. d4 Nbd7 11. Rc1 O-O 12. Qe2 Rfe8 13. Nh4 cxd4 14. exd4 Rac8 15. Rfd1 Qb8 16. a4 Bf8 17. Bxb7 Qxb7 18. Ng2 d5 19. Ne3 Bb4 20. cxd5 exd5 21. Qf3 Bxc3 22. Rxc3 Rxc3 23. Bxc3 Ne4 24. Bb4 a5 25. Ba3 g6 26. Rc1 Ndf6 27. Qf4 Qd7 28. Rc7 Qe6 29. Kg2 h5 30. h3 Kg7 31. Rb7 Nc3 32. Qe5 Ne2 33. Qxe6 Rxe6 34. Re7 Nxd4 35. Rb7 Nxb3 36. Bb2 d4 37. Nc4 Nd5 38. Rd7 Nc3 0-1

[Event "November 21 Early 2023"]
[Site "https://www.chess.com"]
[Date "2023.11.21"]
[Round "9"]
[White "Ferreira, Vitor Hugo Vieira"]
[Black "Weetik, Vjacheslav"]
[Result "1-0"]
[Board "63"]
[TimeControl "180+1"]
[WhiteFideId "2119765"]
[BlackFideId "4153472"]
[WhiteElo "2123"]
[BlackElo "2469"]
[WhiteTeam "BRA"]
[BlackTeam "RUS"]
[WhiteClock "0:00:34"]
[BlackClock "0:00:00"]

1. d4 Nf6 2. c4 g6 3. Nc3 Bg7 4. e4 d6 5. Nf3 O-O 6. Be2 e5 7. Be3 Qe7 8. O-O Na6 9. c5 dxc5 10. dxe5 Ng4 11. Nd5 Qd7 12. Bg5 Nxe5 13. Nxe5 Bxe5 14. Bf6 Bd6 15. Qd2 Re8 16. Bc3 Be7 17. Qh6 f6 18. Bc4 Qe6 19. Nxf6+ Bxf6 20. Bxe6+ Rxe6 21. Bxf6 Rxf6 22. f4 Be6 23. f5 Bc4 24. e5 Rb6 25. f6 1-0

[Event "November 21 Early 2023"]
[Site "https://www.chess.com"]
[Date "2023.11.21"]
[Round "9"]
[White "FREDERICKtheMATE"]
[Black "Djordjevic, Vuk"]
[Result "0-1"]
[Board "64"]
[TimeControl "180+1"]
[BlackFideId "902098"]
[WhiteElo "2562"]
[BlackElo "2425"]
[BlackTeam "SRB"]
[WhiteClock "0:00:25"]
[BlackClock "0:00:10"]

1. Nf3 Nf6 2. c4 e6 3. d4 b6 4. a3 Bb7 5. Nc3 d5 6. Bg5 Be7 7. e3 O-O 8. cxd5 Nxd5 9. Bxe7 Qxe7 10. Bd3 Nd7 11. O-O Nxc3 12. bxc3 e5 13. Bf5 exd4 14. cxd4 Nf6 15. Rc1 Qxa3 16. Rxc7 Bd5 17. Ne5 Qd6 18. Qc2 a5 19. Rc1 a4 20. e4 Bb3 21. Qc3 g6 22. Rc6 Qd8 23. Ng4 Nxg4 24. Bxg4 b5 25. Be2 Rb8 26. Qb4 Re8 27. f3 Qg5 28. Kf2 Qh4+ 29. Kg1 Qf4 30. Bxb5 Qe3+ 31. Kf1 Red8 32. d5 Qf4 33. Kg1 Rxd5 34. Rc8+ Rd8 35. Rxd8+ Rxd8 36. Re1 Rb8 37. Qc5 Qd2 38. Rf1 Qa5 0-1

[Event "November 21 Early 2023"]
[Site "https://www.chess.com"]
[Date "2023.11.21"]
[Round "9"]
[White "Pinheiro, Iung Alicio de O."]
[Black "Aradhya, Garg"]
[Result "0-1"]
[Board "65"]
[TimeControl "180+1"]
[WhiteFideId "2104350"]
[BlackFideId "25006746"]
[WhiteElo "2283"]
[BlackElo "2323"]
[WhiteTeam "BRA"]
[BlackTeam "IND"]
[WhiteClock "0:00:00"]
[BlackClock "0:00:36"]

1. c4 e5 2. g3 Nf6 3. Bg2 Nc6 4. Nc3 Bb4 5. Nd5 O-O 6. Nxb4 Nxb4 7. d3 d5 8. a3 Nc6 9. cxd5 Nxd5 10. Nf3 a5 11. b3 Re8 12. Bb2 Bg4 13. h3 Bh5 14. e3 Qd7 15. Qc2 Bg6 16. O-O Nb6 17. Rfd1 Rad8 18. e4 Qe7 19. Rac1 f6 20. Nh4 Bf7 21. Nf5 Qe6 22. b4 axb4 23. axb4 Nxb4 24. Qxc7 Nxd3 25. Rc3 Rc8 26. Qxb7 Nxb2 27. Rxc8 Qxc8 28. Qxb6 Nxd1 29. Qd6 Qd8 30. Qa3 Be6 31. Nd6 Re7 32. Bf3 Rd7 33. Nb5 Bxh3 34. Kh2 Be6 35. Qc5 Nxf2 36. Qxf2 Rd2 37. Be2 Bg4 38. Nc3 Bxe2 39. Nxe2 Qd3 0-1

[Event "November 21 Early 2023"]
[Site "https://www.chess.com"]
[Date "2023.11.21"]
[Round "9"]
[White "Pinto, Daniel"]
[Black "Zakaryan, David"]
[Result "0-1"]
[Board "66"]
[TimeControl "180+1"]
[WhiteFideId "3303144"]
[BlackFideId "24101923"]
[WhiteElo "2149"]
[BlackElo "2323"]
[WhiteTeam "BOL"]
[BlackTeam "RUS"]
[WhiteClock "0:00:00"]
[BlackClock "0:00:09"]

1. e4 e5 2. Nf3 Nc6 3. Bb5 a6 4. Ba4 f5 5. d3 fxe4 6. dxe4 Nf6 7. O-O d6 8. h3 Be7 9. Nc3 O-O 10. Bb3+ Kh8 11. Ng5 Qe8 12. f4 Nd4 13. f5 Nxb3 14. axb3 h6 15. Nf3 Nh5 16. g4 Nf4 17. Bxf4 exf4 18. e5 dxe5 19. Ne4 b6 20. Qd5 Ra7 21. Nxe5 Bb7 22. Qe6 Kh7 23. Ng6 Rf7 24. Rae1 Bc8 25. Qe5 c5 26. Nf6+ gxf6 27. Qxf4 Qc6 28. Re4 Bb7 29. Rfe1 Ba8 30. Qg3 Bf8 31. Qh4 Bg7 32. Qg3 Rad7 33. Qf2 Rd4 0-1

[Event "November 21 Early 2023"]
[Site "https://www.chess.com"]
[Date "2023.11.21"]
[Round "9"]
[White "Sattarov, Bobir"]
[Black "Grossboss19"]
[Result "1-0"]
[Board "67"]
[TimeControl "180+1"]
[WhiteFideId "14203081"]
[WhiteElo "2351"]
[BlackElo "2523"]
[WhiteTeam "UZB"]
[WhiteClock "0:00:13"]
[BlackClock "0:00:13"]

1. e4 c5 2. Nc3 Nc6 3. Nge2 g6 4. d4 cxd4 5. Nxd4 Bg7 6. Be3 Nf6 7. Nxc6 dxc6 8. Qxd8+ Kxd8 9. O-O-O+ Ke8 10. f3 Be6 11. a4 a5 12. Ne2 Bc4 13. Nd4 Bxf1 14. Rhxf1 Nd7 15. Nb3 Be5 16. f4 Bc7 17. e5 Bb6 18. Rf3 e6 19. Kb1 Ke7 20. Rxd7+ Kxd7 21. Bxb6 c5 22. Nxc5+ Kc6 23. Rb3 g5 24. Nd3 gxf4 25. Nxf4 Rhg8 26. Rb5 h5 27. b3 h4 28. Bxa5 Rg4 29. Bd2 Rd8 30. Be3 Rd1+ 31. Kb2 Re1 32. Bd2 Rd1 33. Be3 Re1 34. Bf2 Rf1 35. Nd3 Rxg2 36. Bxh4 Rxh2 37. Rc5+ Kd7 38. Bf6 Rd1 39. Nc1 Rhh1 40. Na2 Rb1+ 41. Kc3 Rh3+ 42. Kb4 Rh4+ 43. Bxh4 1-0

[Event "November 21 Early 2023"]
[Site "https://www.chess.com"]
[Date "2023.11.21"]
[Round "9"]
[White "Diaz Perez, Michel Alejandro"]
[Black "Kazmin_Semyon"]
[Result "0-1"]
[Board "68"]
[TimeControl "180+1"]
[WhiteFideId "3517179"]
[WhiteElo "2398"]
[BlackElo "2523"]
[WhiteTeam "CUB"]
[WhiteClock "0:00:00"]
[BlackClock "0:00:04"]

1. Nf3 d5 2. c4 g6 3. d4 Bg7 4. cxd5 Nf6 5. g3 Nxd5 6. Bg2 Nc6 7. O-O Bg4 8. Nc3 e6 9. Bg5 Qd7 10. Ne4 Bxf3 11. Nc5 Bxg2 12. Nxd7 Bxf1 13. Kxf1 Kxd7 14. e4 Nb6 15. d5 exd5 16. exd5 Ne5 17. a4 h6 18. Bf4 Nbc4 19. Rc1 g5 20. Bxe5 Nxe5 21. Qb3 Rhc8 22. f4 Ng4 23. d6 Kxd6 24. Qxf7 Ne3+ 25. Ke2 Bd4 26. Kd3 c5 27. b4 b6 28. Re1 Re8 29. bxc5+ Bxc5 30. Re2 Rad8 31. Kc3 Nd5+ 32. Kd2 Bb4+ 33. Kd3 Rxe2 34. Kxe2 gxf4 35. gxf4 a5 36. Kf3 Kc6 37. Qe6+ Kc5 38. f5 Rf8 39. Qd7 Rf6 40. Qb5+ Kd4 41. Qd7 Ke5 42. Ke2 Rxf5 43. Qe8+ Kd4 44. Qh8+ Re5+ 45. Kd1 Ne3+ 46. Kc1 h5 47. Kb2 Nc4+ 48. Kb3 Ke4 49. Qh7+ Kd4 50. Qd7+ Nd6 51. Qg7 Bc5 52. h4 Nf5 53. Qh8 Ne3 54. Qf6 Ke4 55. Qg6+ Kf4 56. Qf6+ Rf5 57. Qh6+ Kg4 58. Qg6+ Kxh4 59. Kc3 Rg5 60. Qf6 Kg4 61. Kd3 Nf5 62. Qe6 Kf4 63. Qe1 Nd4 64. Qf2+ Ke5 65. Qe3+ Kf6 66. Qf4+ Rf5 67. Qh6+ Ke5 68. Qg7+ Rf6 69. Qh6 Ke6 70. Qxh5 Rf3+ 71. Kc4 Rf5 72. Qg6+ Ke5 73. Qe8+ Kf4 74. Qb8+ Ke3 75. Qe8+ Kd2 76. Qe4 Rf3 77. Kd5 Rc3 0-1

[Event "November 21 Early 2023"]
[Site "https://www.chess.com"]
[Date "2023.11.21"]
[Round "9"]
[White "Baches Garcia, Guillermo"]
[Black "Starozhilov, Leonid"]
[Result "0-1"]
[Board "69"]
[TimeControl "180+1"]
[WhiteFideId "2209764"]
[BlackFideId "14106752"]
[WhiteElo "2521"]
[BlackElo "2270"]
[WhiteTeam "ESP"]
[BlackTeam "UKR"]
[WhiteClock "0:00:00"]
[BlackClock "0:00:25"]

1. d4 Nf6 2. Nf3 g6 3. Bg5 Ne4 4. Bf4 Bg7 5. Nbd2 Nxd2 6. Qxd2 d6 7. Bh6 Bf6 8. h4 Bg4 9. O-O-O Nc6 10. e3 a6 11. Kb1 Qd7 12. Be2 O-O-O 13. d5 Bxf3 14. gxf3 Ne5 15. h5 Qa4 16. hxg6 hxg6 17. Bf4 Nc4 18. Bxc4 Qxc4 19. c3 Rdg8 20. e4 g5 21. Be3 g4 22. Rxh8 Bxh8 23. b3 Qxc3 24. Qxc3 Bxc3 25. Rg1 c6 26. dxc6 bxc6 27. fxg4 Kd7 28. Kc2 Bb4 29. Kd3 d5 30. g5 Rh8 31. Rg4 Bd6 32. exd5 cxd5 33. Ra4 Ra8 34. b4 Kc6 35. a3 Bc7 36. b5+ Kxb5 37. Rb4+ Kc6 38. Rb1 e5 39. f3 Rb8 40. Rc1+ Kd6 41. Kc2 Bb6 42. Rb1 Rc8+ 43. Kd3 Bxe3 44. Kxe3 Rc3+ 45. Ke2 Rxa3 46. Rb6+ Ke7 47. g6 fxg6 48. Rxg6 d4 49. Rb6 a5 50. f4 exf4 51. Rb3 Rxb3 0-1

[Event "November 21 Early 2023"]
[Site "https://www.chess.com"]
[Date "2023.11.21"]
[Round "9"]
[White "Jakubowski, Krzysztof"]
[Black "Kuegel, Tobias"]
[Result "1-0"]
[Board "70"]
[TimeControl "180+1"]
[WhiteFideId "1112848"]
[BlackFideId "4636295"]
[WhiteElo "2369"]
[BlackElo "2213"]
[WhiteTeam "POL"]
[BlackTeam "GER"]
[WhiteClock "0:00:46"]
[BlackClock "0:00:00"]

1. e4 e5 2. Nf3 Nc6 3. Bc4 Bc5 4. O-O Nf6 5. d3 O-O 6. c3 d5 7. exd5 Nxd5 8. b4 Be7 9. Re1 Bg4 10. h3 Bh5 11. b5 Na5 12. Rxe5 Nf6 13. Nbd2 Nxc4 14. Nxc4 a6 15. bxa6 Rxa6 16. Qe2 Re8 17. Bg5 Bg6 18. d4 Nd5 19. Bxe7 Nxe7 20. Re1 Kf8 21. Qb2 f6 22. R5e3 Qd5 23. Qb4 c5 24. dxc5 Nf5 25. Rxe8+ Bxe8 26. c6+ Kf7 27. cxb7 1-0

[Event "November 21 Early 2023"]
[Site "https://www.chess.com"]
[Date "2023.11.21"]
[Round "9"]
[White "Koellner, Ruben Gideon"]
[Black "Kassimov, Baurzhan"]
[Result "0-1"]
[Board "71"]
[TimeControl "180+1"]
[WhiteFideId "12993093"]
[BlackFideId "13704800"]
[WhiteElo "2347"]
[BlackElo "2220"]
[WhiteTeam "GER"]
[BlackTeam "KAZ"]
[WhiteClock "0:00:11"]
[BlackClock "0:00:29"]

1. d4 d6 2. Nf3 Bg4 3. Nbd2 Nd7 4. e4 e5 5. dxe5 dxe5 6. Bc4 c6 7. c3 b5 8. Bb3 Ngf6 9. h3 Bh5 10. Qe2 Bc5 11. Nf1 O-O 12. Ng3 Bg6 13. O-O a5 14. a4 Qb6 15. Nh4 Rfe8 16. axb5 cxb5 17. Rd1 a4 18. Ba2 Rad8 19. Bg5 Nf8 20. Nhf5 Ne6 21. Bxf6 gxf6 22. h4 Nf4 23. Qg4 Bxf2+ 24. Kh2 Bxg3+ 25. Qxg3 h5 26. Rxd8 Qxd8 27. Rf1 Kh7 28. Rxf4 exf4 29. Qxf4 Qb8 30. Qxb8 Rxb8 31. Kg3 b4 32. cxb4 Rxb4 33. Bd5 Bxf5 34. exf5 Rxb2 35. Bxf7 a3 36. Kf4 a2 37. Bxa2 Rxa2 38. g4 Ra4+ 39. Kf3 Rxg4 40. Ke3 Rxh4 41. Kf3 Rg4 42. Kf2 Rg5 43. Kf3 h4 44. Kf4 h3 45. Kf3 h2 46. Ke4 h1=Q+ 47. Kd4 Rxf5 48. Kc4 Qe4+ 49. Kc3 Rf3+ 50. Kb2 Qe2+ 51. Ka1 Rf1# 0-1

[Event "November 21 Early 2023"]
[Site "https://www.chess.com"]
[Date "2023.11.21"]
[Round "9"]
[White "Nagare Kaivalya Sandip"]
[Black "UNSTOPPABLE_LEGEND"]
[Result "1-0"]
[Board "72"]
[TimeControl "180+1"]
[WhiteFideId "25957929"]
[WhiteElo "2024"]
[BlackElo "2510"]
[WhiteTeam "IND"]
[WhiteClock "0:01:19"]
[BlackClock "0:00:02"]

1. e4 Nc6 2. Nf3 d6 3. d4 Nf6 4. Nc3 g6 5. d5 Nb8 6. h3 Bg7 7. Bg5 O-O 8. Qd2 c6 9. Bd3 Nbd7 10. O-O Nc5 11. Rfe1 a5 12. Bf1 Qb6 13. Rab1 a4 14. a3 Bd7 15. e5 dxe5 16. Nxe5 Bf5 17. Nc4 Qc7 18. Bf4 Qd8 19. dxc6 bxc6 20. Qxd8 Rfxd8 21. Rbc1 Nd5 22. Nxd5 cxd5 23. Nb6 Ra6 24. Bc7 Re8 25. Nxd5 Bxb2 26. Rb1 Bxa3 27. Nxe7+ Rxe7 28. Rxe7 Bxc2 29. Rb8+ Kg7 30. Be5+ Rf6 31. Bc4 Ne6 32. Rd7 Bc5 33. Bxe6 Bxf2+ 34. Kh2 Bb3 35. Rxf7+ 1-0

[Event "November 21 Early 2023"]
[Site "https://www.chess.com"]
[Date "2023.11.21"]
[Round "9"]
[White "Goryachkina, Aleksandra"]
[Black "Kuznetsova, Olga"]
[Result "1-0"]
[Board "73"]
[TimeControl "180+1"]
[WhiteFideId "4147103"]
[BlackFideId "4191323"]
[WhiteElo "2475"]
[BlackElo "2134"]
[WhiteTeam "FID"]
[BlackTeam "RUS"]
[WhiteClock "0:01:20"]
[BlackClock "0:00:46"]

1. e4 e6 2. d4 d5 3. Nd2 dxe4 4. Nxe4 Nd7 5. g3 Ngf6 6. Nxf6+ Nxf6 7. Bg2 c5 8. Ne2 Be7 9. O-O O-O 10. a3 cxd4 11. Qxd4 Qxd4 12. Nxd4 Rd8 13. Nb3 a5 14. a4 Nd5 15. Bd2 Bb4 16. c3 Be7 17. Rfd1 Bd7 18. c4 Nb6 19. Bxa5 Bxa4 20. Rxd8+ Bxd8 21. Bxb6 Bxb6 22. c5 Bc7 23. Bxb7 Ra7 24. Bc6 1-0